 Dungeon Crawl Stone Soup version 0.22-a0-565-gfc6459a (webtiles) character file.

361 Hebeh the Chopper (level 6, -1/56 HPs)
             Began as a Minotaur Fighter on June 28, 2018.
             Slain by an ogre
             ... wielding a +0 giant club
              (2 damage)
             ... on level 4 of the Dungeon.
             The game lasted 00:07:17 (3328 turns).

Hebeh the Chopper (Minotaur Fighter)                Turns: 3328, Time: 00:07:17

Health: -1/56      AC: 13    Str: 23    XL:     6   Next: 38%
Magic:  5/5        EV:  4    Int:  5    God:
Gold:   228        SH: 10    Dex:  9    Spells: 5/5 levels left

rFire    . . .     SeeInvis .   a - +0 war axe
rCold    + . .     Gourm    .   c - +0 shield
rNeg     . . .     Faith    .   p - +1 plate armour {rC+}
rPois    .         Spirit   .   (helmet restricted)
rElec    .         Reflect  .   (no cloak)
rCorr    .         Harm     .   (no gloves)
MR       .....                  (no boots)
Stlth    ..........             (no amulet)
HPRegen  0.18/turn              (no ring)
MPRegen  0.09/turn              (no ring)

@: no status effects
A: retaliatory headbutt, horns 2
a: no special abilities


You were on level 4 of the Dungeon.
You were not hungry.

You visited 1 branch of the dungeon, and saw 4 of its levels.

You collected 228 gold pieces.

Inventory:

Hand Weapons
 a - a +0 war axe (weapon)
Missiles
 s - 7 javelins (quivered)
Armour
 c - a +0 shield (worn)
 p - a +1 plate armour of cold resistance (worn)
Scrolls
 g - 2 scrolls of teleportation {unknown}
 h - a scroll of fog {unknown}
 i - 5 scrolls of identify {unknown}
 j - 3 scrolls of remove curse {unknown}
 k - 3 scrolls of amnesia {unknown}
 o - a scroll of random uselessness {unknown}
 r - a scroll of blinking {unknown}
Potions
 b - a potion of brilliance {unknown}
 d - a potion of might
 e - 4 potions of curing {unknown}
 l - 3 potions of mutation {unknown}
 m - a potion of magic {unknown}
 n - a potion of degeneration {unknown}
 q - a potion of lignification {unknown}
Comestibles
 f - 9 rations


   Skills:
 + Level 5.1 Fighting
 * Level 5.5 Axes
 + Level 5.0 Armour
 + Level 5.0 Shields


You had 5 spell levels left.
You didn't know any spells.
Your spell library contained the following spells:

 Spells                   Type           Power        Failure   Level  Hunger
 Magic Dart               Conj           #...         100%        1    ##.....
 Conjure Flame            Conj/Fire      #.......     100%        3    ####...
 Slow                     Hex            #.......     100%        2    ###....
 Mephitic Cloud           Conj/Pois/Air  #.......     100%        3    ####...
 Blink                    Tloc           N/A          100%        2    ###....
 Call Imp                 Summ           #.......     100%        2    ###....


Dungeon Overview and Level Annotations

Branches:
Dungeon (4/15)
 Temple: D:4-7

Altars:


Innate Abilities, Weirdness & Mutations

You reflexively headbutt those who attack you in melee.
You have a pair of horns on your head.


Message History

You are too injured to fight recklessly!
You are too injured to fight recklessly!
You are too injured to fight recklessly!
You hit the ogre but do no damage. Your headbutt misses the ogre.
The ogre is lightly wounded.
The ogre hits you with a giant club!
* * * LOW HITPOINT WARNING * * *
You hit the ogre.
The ogre is lightly wounded.
You block the ogre's attack.
Unknown command.
You hit the ogre.
The ogre is moderately wounded.
The ogre hits you with a giant club!
* * * LOW HITPOINT WARNING * * *
Unknown command.
You slash the ogre!
The ogre is severely wounded.
The ogre hits you with a giant club.
You die...

....>#
#.>..........#.#.
######...
##########'#.#.#.
######..[# #####
#.#.#.#.
........... ....#
#.#.#.#.
........... ....#
#.#.#...
........... ....#
#.#.....
........... ....#
#+###...
..........
####....# #.##
..........
#..@O...+ ###
##...##+#
#.##....#
#...##.# #.#
....# #...'..#
#.# ....#
#...##.######.#
....#
#...+(........#
....#
##...##.########
##### .....+..#
##...####


You could see an ogre.

Vanquished Creatures
  An ogre (D:4)
  A howler monkey (D:4)
  A hound (D:4)
  An orc priest (D:4)
  Natasha (D:3)
  A worker ant (D:4)
  6 adders
  An ooze (D:1)
  A worm (D:4)
  2 dart slugs
  3 leopard geckos
  7 orcs (D:4)
  2 ball pythons
  4 giant cockroaches
  6 hobgoblins
  4 jackals (D:3)
  2 quokkas
  7 bats
  4 frilled lizards
  3 goblins
  7 kobolds
  5 rats
  A plant (D:3)
71 creatures vanquished.

Notes
Turn   | Place    | Note
-------+----------+-------------------------------------------
     0 | D:1      | Hebeh the Minotaur Fighter began the quest for the Orb.
     0 | D:1      | Reached XP level 1. HP: 19/19 MP: 0/0
    78 | D:1      | Reached XP level 2. HP: 27/27 MP: 1/1
   616 | D:2      | Reached XP level 3. HP: 33/33 MP: 2/2
  1276 | D:3      | Reached XP level 4. HP: 30/40 MP: 3/3
  1768 | D:3      | Noticed Natasha
  1782 | D:3      | Killed Natasha
  2522 | D:4      | Reached XP level 5. HP: 43/47 MP: 4/4
  2780 | D:4      | Noticed an ogre
  2783 | D:4      | Killed an ogre
  2783 | D:4      | Reached skill level 5 in Axes
  2783 | D:4      | Reached XP level 6. HP: 47/55 MP: 5/5
  3059 | D:4      | Reached skill level 5 in Fighting
  3209 | D:4      | Reached skill level 5 in Armour
  3209 | D:4      | Reached skill level 5 in Shields
  3327 | D:4      | HP: 1/56 [ogre/giant club (7)]
  3328 | D:4      | Slain by an ogre

Vault maps used:
D:1:      dpeg_arrival_refuge
D:3:      serial_bayou, serial_bayou_pond_b, serial_bayou_crossing,
          serial_bayou_lake_a, serial_bayou_shore_a, uniq_natasha
D:4:      first_ration, corexii_hall_statues_i

Skill      XL: |  1  2  3  4  5  6 |
---------------+-------------------+-----
Axes           | 3 4 5 |  5.5
Fighting       | 4 5 |  5.1
Armour         | 4 5 |  5.0
Shields        | 4 5 |  5.0

Action                   |  1- 3 |  4- 6 || total
-------------------------+-------+-------++-------
Melee: War axe           |    89 |    87 ||   176
       Headbutt          |     9 |    14 ||    23
       Unarmed           |       |     7 ||     7
  Eat: Chunk             |     1 |     7 ||     8
Armor: Scale mail        |    45 |     3 ||    48
       Plate armour      |       |    35 ||    35
Dodge: Dodged            |    28 |    20 ||    48
Block: Shield            |    42 |    46 ||    88

Table legend:
 A = Spawn XP
 B = Non-spawn XP
 C = Spawn XP percentage of total XP
 D = Spawn monster count
 E = Non-spawn monster count
 F = Spawn count percentage of total count
 G = Total turns spent on level
                    A         B        C        D         E        F      G
               +---------+---------+-------+---------+---------+-------+---------
         Total |       0 |     517 |   0.0 |       0 |      70 |   0.0 |  3328
               +---------+---------+-------+---------+---------+-------+---------
           D:1 |       0 |      38 |   0.0 |       0 |      18 |   0.0 |   584
           D:2 |       0 |      46 |   0.0 |       0 |      16 |   0.0 |   653
           D:3 |       0 |     101 |   0.0 |       0 |      18 |   0.0 |  1278
           D:4 |       0 |     332 |   0.0 |       0 |      18 |   0.0 |   813
               +---------+---------+-------+---------+---------+-------+---------
